| TOP OF THE 1ST |
|
Arkansas Travelers batting - Pitching for Memphis Blues : RHP Francisco Reyes
|
|
Pitching: RHP Francisco Reyes
|
|
|
Batting: RHB Dennis Seats
|
0-0: Foul Ball, location: 2F 0-1: Ground out U3 (Groundball, 34, EV 82.5 MPH)
|
|
Batting: RHB Denny Gonzalez
|
0-0: Ball 1-0: Fly out, F2 (Popup, 23F, EV 91.3 MPH)
|
|
Batting: LHB Phil Stephenson
|
0-0: Foul Ball, location: 2F 0-1: Ball 1-1: Ball 2-1: Ball 3-1: Base on Balls
|
|
Batting: RHB Randy Milligan
|
0-0: Ball 1-0: Ball 2-0: Ball 3-0: Base on Balls Phil Stephenson to second
|
|
Batting: SHB Bob Meacham
|
0-0: Swinging Strike 0-1: Ball 1-1: Ball 2-1: Foul Ball, location: 2F 2-2: Foul Ball, location: 2F 2-2: Strikes out looking
|
| Top of the 1st over - 0 runs, 0 hits, 0 errors, 2 left on base; Arkansas 0 - Memphis 0 |
| BOTTOM OF THE 1ST |
|
Memphis Blues batting - Pitching for Arkansas Travelers : LHP Curt Young
|
|
Pitching: LHP Curt Young
|
|
|
Batting: RHB Mariano Duncan
|
0-0: Ball 1-0: Called Strike 1-1: Ball 2-1: Called Strike 2-2: Strikes out swinging, 2-3 out at first.
|
|
Batting: LHB Mike Patterson
|
0-0: Foul Ball, location: 2F 0-1: Fly out, F8 (Flyball, 78S, EV 95.6 MPH)
|
|
Batting: LHB David Christianson
|
0-0: Foul Ball, location: 2F 0-1: Ball 1-1: Fly out, F7 (Flyball, 7LM, EV 110.0 MPH)
|
| Bottom of the 1st over - 0 runs, 0 hits, 0 errors, 0 left on base; Arkansas 0 - Memphis 0 |
| TOP OF THE 2ND |
|
Arkansas Travelers batting - Pitching for Memphis Blues : RHP Francisco Reyes
|
|
Batting: LHB Jesus Marinez
|
0-0: Called Strike 0-1: SINGLE (Groundball, 4MD, EV 94.4 MPH)
|
|
Batting: SHB Bobby Bonilla
|
0-0: Foul Ball, location: 2F 0-1: Ball 1-1: Ball 2-1: Fly out, F7 (Flyball, 7S, EV 87.5 MPH)
|
|
Batting: RHB Michael Strawberry
|
0-0: Called Strike 0-1: Ball 1-1: Ball 2-1: Ball 3-1: Fly out, F8 (Flyball, 8LM, EV 86.3 MPH)
|
|
Batting: RHB Alex Duarte
|
0-0: Ball 1-0: Fly out, F8 (Flyball, 8LS, EV 90.6 MPH)
|
| Top of the 2nd over - 0 runs, 1 hit, 0 errors, 1 left on base; Arkansas 0 - Memphis 0 |
| BOTTOM OF THE 2ND |
|
Memphis Blues batting - Pitching for Arkansas Travelers : LHP Curt Young
|
|
Batting: RHB Chris James
|
0-0: Reached via error on a dropped throw from SS, E3 (Groundball, 6, EV 108.8 MPH)
|
|
Batting: RHB Randy Filkins
|
0-0: Ball 1-0: Ball Chris James is caught stealing 2nd base 2-4 2-0: Called Strike 2-1: Ground out 4-3 (Groundball, 4, EV 83.8 MPH)
|
|
Batting: RHB Augustine Garrett
|
0-0: Called Strike 0-1: Foul Ball, location: 2F 0-2: SINGLE (Groundball, 56D, EV 102.5 MPH)
|
|
Batting: LHB Don Jacoby
|
0-0: Called Strike 0-1: Called Strike 0-2: Ball 1-2: 2-RUN HOME RUN (Flyball, 78XD, EV 114.4 MPH), Distance : 422 ft
|
|
Batting: RHB William Muth
|
0-0: Called Strike 0-1: Ball 1-1: Foul Ball, location: 2F 1-2: SOLO HOME RUN (Flyball, 7D, EV 100.0 MPH), Distance : 360 ft
|
|
Batting: RHB Bradley Shames
|
0-0: Ball 1-0: Foul Ball, location: 2F 1-1: Ball 2-1: Ball 3-1: Base on Balls
|
|
Batting: RHB Mariano Duncan
|
0-0: Called Strike 0-1: DOUBLE (Line Drive, 7LM, EV 113.1 MPH) Bradley Shames to third Runner from 3rd tries for Home, SAFE, no throw by LF
|
|
Batting: LHB Mike Patterson
|
0-0: Ball 1-0: Called Strike 1-1: Ball 2-1: Foul Ball, location: 2F 2-2: Ball 3-2: Foul Ball, location: 2F 3-2: Ground out 4-3 (Groundball, 34, EV 80.0 MPH)
|
| Bottom of the 2nd over - 4 runs, 4 hits, 1 error, 1 left on base; Arkansas 0 - Memphis 4 |
| TOP OF THE 3RD |
|
Arkansas Travelers batting - Pitching for Memphis Blues : RHP Francisco Reyes
|
|
Batting: RHB Dennis Seats
|
0-0: Called Strike 0-1: Foul Ball, location: 2F 0-2: Fly out, F7 (Flyball, 7, EV 85.6 MPH)
|
|
Batting: RHB Denny Gonzalez
|
0-0: Called Strike 0-1: Foul Ball, location: 2F 0-2: Foul Ball, location: 2F 0-2: Ground out 6-3 (Groundball, 6, EV 100.6 MPH)
|
|
Batting: LHB Phil Stephenson
|
0-0: Foul Ball, location: 2F 0-1: Ball 1-1: Called Strike 1-2: Ball 2-2: Foul Ball, location: 2F 2-2: Foul Ball, location: 2F 2-2: Ground out 6-3 (Groundball, 6MS, EV 63.8 MPH)
|
| Top of the 3rd over - 0 runs, 0 hits, 0 errors, 0 left on base; Arkansas 0 - Memphis 4 |
| BOTTOM OF THE 3RD |
|
Memphis Blues batting - Pitching for Arkansas Travelers : LHP Curt Young
|
|
Batting: LHB David Christianson
|
0-0: Called Strike 0-1: Foul Ball, location: 2F 0-2: Foul Ball, location: 2F 0-2: Ball 1-2: Strikes out looking
|
|
Batting: RHB Chris James
|
0-0: Ball 1-0: Ball 2-0: Foul Ball, location: 2F 2-1: Swinging Strike 2-2: Ball 3-2: Foul Ball, location: 2F 3-2: Base on Balls
|
|
Batting: RHB Randy Filkins
|
0-0: Swinging Strike 0-1: Swinging Strike 0-2: Ball 1-2: Strikes out swinging
|
|
Batting: RHB Augustine Garrett
|
0-0: Ball 1-0: Swinging Strike 1-1: Foul Ball, location: 2F 1-2: Fly out, F5 (Popup, 5SF, EV 86.3 MPH)
|
| Bottom of the 3rd over - 0 runs, 0 hits, 0 errors, 1 left on base; Arkansas 0 - Memphis 4 |
| TOP OF THE 4TH |
|
Arkansas Travelers batting - Pitching for Memphis Blues : RHP Francisco Reyes
|
|
Batting: RHB Randy Milligan
|
0-0: Ball 1-0: Ball 2-0: Called Strike 2-1: Ball 3-1: Base on Balls
|
|
Batting: SHB Bob Meacham
|
0-0: Ball Randy Milligan steals 2nd base 1-0: Ball 2-0: Foul Ball, location: 2F 2-1: Ball 3-1: Base on Balls
|
|
Batting: LHB Jesus Marinez
|
0-0: Ball 1-0: Fielders Choice at 2nd, 3-6 (Groundball, 3, EV 78.8 MPH) Randy Milligan to third
|
|
Batting: SHB Bobby Bonilla
|
0-0: Called Strike 0-1: Fly out, F4 (Flyball, 4D, EV 83.8 MPH)
|
|
Batting: RHB Michael Strawberry
|
0-0: Called Strike 0-1: Called Strike 0-2: Ball 1-2: Strikes out swinging
|
| Top of the 4th over - 0 runs, 0 hits, 0 errors, 2 left on base; Arkansas 0 - Memphis 4 |
| BOTTOM OF THE 4TH |
|
Memphis Blues batting - Pitching for Arkansas Travelers : LHP Curt Young
|
|
Batting: LHB Don Jacoby
|
0-0: Ball 1-0: Called Strike 1-1: Ball 2-1: Ball 3-1: Foul Ball, location: 2F 3-2: SOLO HOME RUN (Flyball, 9D, EV 96.9 MPH), Distance : 384 ft
|
|
Batting: RHB William Muth
|
0-0: Foul Ball, location: 2F 0-1: Fly out, F2 (Popup, 25F, EV 88.1 MPH)
|
|
Batting: RHB Bradley Shames
|
0-0: Ball 1-0: Ball 2-0: Ball 3-0: Base on Balls
|
|
Batting: RHB Mariano Duncan
|
0-0: Swinging Strike 0-1: Ball 1-1: DOUBLE (Flyball, 8RD, EV 97.5 MPH) Bradley Shames to third
|
|
Batting: LHB Mike Patterson
|
0-0: SINGLE (Groundball, 13S, EV 67.5 MPH) (infield hit)
|
|
Batting: LHB David Christianson
|
0-0: Foul Ball, location: 2F 0-1: Single, Error in OF, E8, batter to second base (Line Drive, 6D, EV 103.1 MPH) Bradley Shames scores Mariano Duncan scores Mike Patterson to third
|
|
Pitching: RHP Keith Atherton
|
|
|
Batting: RHB Chris James
|
0-0: Fly out, F9 (Line Drive, 9D, EV 97.5 MPH) Runner from 3rd tags up, SCORES, no throw by RF
|
|
Batting: RHB Randy Filkins
|
0-0: Ball 1-0: Fly out, F7 (Line Drive, 7, EV 93.1 MPH)
|
| Bottom of the 4th over - 4 runs, 4 hits, 1 error, 1 left on base; Arkansas 0 - Memphis 8 |
| TOP OF THE 5TH |
|
Arkansas Travelers batting - Pitching for Memphis Blues : RHP Francisco Reyes
|
|
Batting: RHB Alex Duarte
|
0-0: Foul Ball, location: 2F 0-1: Ball 1-1: Called Strike 1-2: Strikes out swinging
|
|
Batting: RHB Dennis Seats
|
0-0: Ball 1-0: Ball 2-0: Called Strike 2-1: Called Strike 2-2: Ball 3-2: Strikes out looking
|
|
Batting: RHB Denny Gonzalez
|
0-0: Ball 1-0: Fly out, F8 (Flyball, 8RD, EV 90.0 MPH)
|
| Top of the 5th over - 0 runs, 0 hits, 0 errors, 0 left on base; Arkansas 0 - Memphis 8 |
| BOTTOM OF THE 5TH |
|
Memphis Blues batting - Pitching for Arkansas Travelers : RHP Keith Atherton
|
|
Batting: RHB Augustine Garrett
|
0-0: Fly out, F8 (Flyball, 89M, EV 89.4 MPH)
|
|
Batting: LHB Don Jacoby
|
0-0: Ball 1-0: Swinging Strike 1-1: Ball 2-1: Ball 3-1: Base on Balls
|
|
Batting: RHB William Muth
|
0-0: Ball 1-0: Ball 2-0: Swinging Strike 2-1: Ball 3-1: Ground out 5-3 (Groundball, 5S, EV 68.8 MPH) Don Jacoby to second
|
|
Batting: RHB Bradley Shames
|
0-0: Called Strike 0-1: Ball 1-1: Ball 2-1: Fly out, F9 (Flyball, 9LM, EV 86.3 MPH)
|
| Bottom of the 5th over - 0 runs, 0 hits, 0 errors, 1 left on base; Arkansas 0 - Memphis 8 |
| TOP OF THE 6TH |
|
Arkansas Travelers batting - Pitching for Memphis Blues : RHP Francisco Reyes
|
|
Batting: LHB Phil Stephenson
|
0-0: Called Strike 0-1: Ball 1-1: Called Strike 1-2: Ball 2-2: Foul Ball, location: 2F 2-2: SINGLE (Groundball, 3S, EV 71.9 MPH) (infield hit)
|
|
Batting: RHB Randy Milligan
|
0-0: Swinging Strike 0-1: Swinging Strike 0-2: Ball 1-2: Strikes out looking
|
|
Batting: SHB Bob Meacham
|
0-0: Ball 1-0: Fly out, F8 (Flyball, 89M, EV 85.0 MPH)
|
|
Batting: LHB Jesus Marinez
|
0-0: Ball 1-0: Called Strike 1-1: DOUBLE (Flyball, 89D, EV 92.5 MPH) Phil Stephenson to third Runner from 3rd tries for Home, SAFE, throw by RF to trailing runner, SAFE at third!
|
|
Batting: SHB Bobby Bonilla
|
0-0: Fly out, F6 (Popup, 4MS, EV 68.8 MPH)
|
| Top of the 6th over - 1 run, 2 hits, 0 errors, 1 left on base; Arkansas 1 - Memphis 8 |
| BOTTOM OF THE 6TH |
|
Memphis Blues batting - Pitching for Arkansas Travelers : RHP Keith Atherton
|
|
Batting: RHB Mariano Duncan
|
0-0: Called Strike 0-1: Ball 1-1: Fly out, F8 (Flyball, 89S, EV 88.8 MPH)
|
|
Batting: LHB Mike Patterson
|
0-0: Ball 1-0: Called Strike 1-1: Foul Ball, location: 2F 1-2: Ground out 3-1 (Groundball, 3D, EV 81.9 MPH)
|
|
Batting: LHB David Christianson
|
0-0: Called Strike 0-1: Ball 1-1: Fly out, F4 (Flyball, 34D, EV 82.5 MPH)
|
| Bottom of the 6th over - 0 runs, 0 hits, 0 errors, 0 left on base; Arkansas 1 - Memphis 8 |
| TOP OF THE 7TH |
|
Arkansas Travelers batting - Pitching for Memphis Blues : RHP Francisco Reyes
|
|
Batting: RHB Michael Strawberry
|
0-0: Ball 1-0: Ball 2-0: Ball 3-0: Called Strike 3-1: Foul Ball, location: 2F 3-2: Base on Balls
|
|
Batting: RHB Alex Duarte
|
0-0: Swinging Strike 0-1: Ball 1-1: Foul Ball, location: 2F 1-2: Foul Ball, location: 2F 1-2: Reached on error, E8 (Flyball, 8RM, EV 93.1 MPH) Michael Strawberry to second
|
|
Batting: RHB Dennis Seats
|
0-0: Called Strike 0-1: Foul Ball, location: 2F 0-2: Fly out, F2 (Popup, 23F, EV 93.8 MPH)
|
|
Pinch Hitting: SHB Steve McAllister
|
0-0: Ball 1-0: Ball Wild Pitch! Michael Strawberry to third Alex Duarte to second 2-0: Called Strike 2-1: Foul Ball, location: 2F 2-2: Foul Ball, location: 2F 2-2: Ball 3-2: Ground out U3 (Groundball, 3, EV 91.9 MPH)
|
|
Pinch Hitting: RHB Ronald Grout
|
0-0: Ball 1-0: Foul Ball, location: 2F 1-1: Ball 2-1: Swinging Strike 2-2: 3-RUN HOME RUN (Flyball, 78XD, EV 101.9 MPH), Distance : 422 ft
|
|
Batting: RHB Randy Milligan
|
0-0: Foul Ball, location: 2F 0-1: Ball 1-1: Ball 2-1: DOUBLE (Line Drive, 7LD, EV 104.4 MPH)
|
|
Batting: SHB Bob Meacham
|
0-0: Ball 1-0: Ball 2-0: Ball 3-0: Base on Balls
|
|
Batting: LHB Jesus Marinez
|
0-0: Fly out, F8 (Flyball, 89D, EV 93.1 MPH)
|
| Top of the 7th over - 3 runs, 2 hits, 1 error, 2 left on base; Arkansas 4 - Memphis 8 |
| BOTTOM OF THE 7TH |
|
Memphis Blues batting - Pitching for Arkansas Travelers : RHP Keith Atherton
|
|
Now at 1B: Ronald Grout
|
|
|
Now at 3B: Steve McAllister
|
|
|
Batting: RHB Chris James
|
0-0: Foul Ball, location: 2F 0-1: Ball 1-1: Swinging Strike 1-2: Strikes out swinging
|
|
Batting: RHB Randy Filkins
|
0-0: Ball 1-0: Called Strike 1-1: Ball 2-1: Foul Ball, location: 2F 2-2: Ball 3-2: Fly out, F9 (Flyball, 89XD, EV 105.6 MPH)
|
|
Batting: RHB Augustine Garrett
|
0-0: Called Strike 0-1: Fly out, F8 (Line Drive, 8LD, EV 92.5 MPH)
|
| Bottom of the 7th over - 0 runs, 0 hits, 0 errors, 0 left on base; Arkansas 4 - Memphis 8 |
| TOP OF THE 8TH |
|
Arkansas Travelers batting - Pitching for Memphis Blues : RHP Francisco Reyes
|
|
Batting: SHB Bobby Bonilla
|
0-0: Called Strike 0-1: Ground out 1-3 (Groundball, 15S, EV 68.8 MPH)
|
|
Batting: RHB Michael Strawberry
|
0-0: SINGLE (Line Drive, 8LS, EV 92.5 MPH)
|
|
Batting: RHB Alex Duarte
|
0-0: Grounds into double play, 6-4-3 (Groundball, 6, EV 80.6 MPH)
|
| Top of the 8th over - 0 runs, 1 hit, 0 errors, 0 left on base; Arkansas 4 - Memphis 8 |
| BOTTOM OF THE 8TH |
|
Memphis Blues batting - Pitching for Arkansas Travelers : RHP Keith Atherton
|
|
Batting: LHB Don Jacoby
|
0-0: Ball 1-0: Swinging Strike 1-1: Ball 2-1: Called Strike 2-2: Foul Ball, location: 2F 2-2: Strikes out swinging
|
|
Batting: RHB William Muth
|
0-0: Foul Ball, location: 2F 0-1: Ball 1-1: Ball 2-1: Called Strike 2-2: Strikes out swinging
|
|
Batting: RHB Bradley Shames
|
0-0: Ball 1-0: Ball 2-0: Foul Ball, location: 2F 2-1: Ball 3-1: Base on Balls
|
|
Batting: RHB Mariano Duncan
|
0-0: Ball 1-0: Called Strike 1-1: Ball 2-1: Swinging Strike 2-2: Ball 3-2: Fly out, F3 (Popup, 3SF, EV 76.3 MPH)
|
| Bottom of the 8th over - 0 runs, 0 hits, 0 errors, 1 left on base; Arkansas 4 - Memphis 8 |
| TOP OF THE 9TH |
|
Arkansas Travelers batting - Pitching for Memphis Blues : RHP Francisco Reyes
|
|
Batting: RHB Dennis Seats
|
0-0: Called Strike 0-1: Called Strike 0-2: Foul Ball, location: 2F 0-2: Ball 1-2: Ball 2-2: Fly out, F6 (Popup, 4MD, EV 54.4 MPH)
|
|
Batting: SHB Steve McAllister
|
0-0: Called Strike 0-1: Called Strike 0-2: Strikes out swinging
|
|
Batting: RHB Ronald Grout
|
0-0: Ball 1-0: Called Strike 1-1: Swinging Strike 1-2: Strikes out looking
|
| Top of the 9th over - 0 runs, 0 hits, 0 errors, 0 left on base; Arkansas 4 - Memphis 8 |
|